[ AOE2 MATCH · #513752979 ]
UnrankedPersians vs Huns
Player's team · LOSS
Rival team · WIN
[ REPLAY ANALYSIS · EXTRACTED FROM THE RECORDED GAME ]
Feudal
12:22
Castle
15:57
Imperial
35:28
| APM avg | 41.9 |
| APM peak | 73 |
| eAPM avg | 26.8 |
| Villagers / military | 176 / 198 |
Focus
⚔️ 42.4% · 🌾 57.6%
Spearman ×58 · Skirmisher ×55 · Scout Cavalry ×41 · Cavalry Archer ×12 · Knight ×10 · Monk ×5
Feudal
8:50
Castle
20:06
Imperial
37:11
| APM avg | 41.8 |
| APM peak | 96 |
| eAPM avg | 17.7 |
| Villagers / military | 138 / 101 |
Focus
⚔️ 37.7% · 🌾 62.3%
Knight ×46 · Archer ×44 · Militia ×5 · Scout Cavalry ×5 · Mangonel ×1
Match map
Initial resources + every placement click. Lines = walls · curves = elevation contours. ◆ gold · ⬟ stone · ● berries · ✦ relic · ◌ wall gap
Your base· Open — unwalled flank
Mete Başkan's base· Open — unwalled flank
Smoothed initial terrain · ◌ = detected wall gap · hover for details
Inputs per minute
— Thomas2311 - - Mete Başkan
Build order — Thomas2311
First 150 of 583 actions detected
| 0:01 | Queue | Villager (Male) |
| 0:01 | Queue | Villager (Male) |
| 0:02 | Build | House |
| 0:05 | Build | House |
| 0:19 | Queue | Villager (Male) |
| 0:19 | Queue | Villager (Male) |
| 0:19 | Queue | Villager (Male) |
| 1:28 | Queue | Villager (Male) |
| 1:28 | Queue | Villager (Male) |
| 1:45 | Build | Lumber Camp |
| 1:59 | Queue | Villager (Male) |
| 2:20 | Queue | Villager (Male) |
| 2:20 | Queue | Villager (Male) |
| 2:25 | Build | House |
| 3:08 | Queue | Villager (Male) |
| 3:09 | Queue | Villager (Male) |
| 3:16 | Queue | Villager (Male) |
| 3:17 | Queue | Villager (Male) |
| 3:48 | Queue | Villager (Male) |
| 4:04 | Build | Barracks |
| 4:09 | Queue | Villager (Male) |
| 4:28 | Build | House |
| 4:30 | Queue | Villager (Male) |
| 4:56 | Build | Mill |
| 4:59 | Queue | Militia |
| 5:04 | Queue | Villager (Male) |
| 5:22 | Queue | Militia |
| 5:28 | Queue | Villager (Male) |
| 5:32 | Build | House |
| 5:45 | Queue | Militia |
| 6:03 | Queue | Villager (Male) |
| 6:24 | Queue | Villager (Male) |
| 6:30 | Build | Farm |
| 6:33 | Build | House |
| 6:42 | Build | Palisade Wall |
| 6:46 | Build | House |
| 6:54 | Queue | Villager (Male) |
| 6:54 | Queue | Villager (Male) |
| 6:55 | Queue | Villager (Male) |
| 6:58 | Build | Mining Camp |
| 7:07 | Queue | Militia |
| 7:07 | Queue | Militia |
| 7:16 | Build | Palisade Wall |
| 7:17 | Build | Palisade Wall |
| 7:22 | Build | House |
| 7:24 | Build | House |
| 7:49 | Queue | Villager (Male) |
| 8:02 | Queue | Villager (Male) |
| 8:05 | Build | Palisade Wall |
| 8:28 | Build | Farm |
| 8:29 | Queue | Villager (Male) |
| 8:53 | Queue | Villager (Male) |
| 8:59 | Build | Farm |
| 9:01 | Build | Farm |
| 9:10 | Research | Loom |
| 9:10 | Research | Loom |
| 9:20 | Build | Farm |
| 9:36 | Build | Palisade Gate |
| 9:54 | Queue | Villager (Male) |
| 10:15 | Research | Feudal Age |
| 10:15 | Research | Feudal Age |
| 10:24 | Build | Farm |
| 11:25 | Queue | Villager (Male) |
| 11:26 | Queue | Villager (Male) |
| 12:22 | Age | Feudal Age |
| 12:25 | Build | Archery Range |
| 12:32 | Build | Blacksmith |
| 12:49 | Build | Palisade Wall |
| 12:55 | Build | House |
| 13:09 | Queue | Villager (Male) |
| 13:30 | Research | Castle Age |
| 13:37 | Build | Lumber Camp |
| 13:39 | Queue | Skirmisher |
| 14:01 | Build | Farm |
| 14:06 | Build | Farm |
| 14:14 | Research | Fletching |
| 14:23 | Build | Farm |
| 14:27 | Build | Farm |
| 14:43 | Build | Farm |
| 14:54 | Research | Double-Bit Axe |
| 14:54 | Research | Double-Bit Axe |
| 15:16 | Research | Horse Collar |
| 15:16 | Research | Horse Collar |
| 15:48 | Build | Farm |
| 15:57 | Age | Castle Age |
| 15:58 | Research | Gold Mining |
| 15:59 | Queue | Cavalry Archer |
| 16:01 | Queue | Villager (Male) |
| 16:30 | Queue | Cavalry Archer |
| 16:30 | Queue | Villager (Male) |
| 16:34 | Build | Farm |
| 16:43 | Build | House |
| 16:52 | Queue | Villager (Male) |
| 16:54 | Queue | Cavalry Archer |
| 17:04 | Queue | Villager (Male) |
| 17:09 | Build | Farm |
| 17:32 | Queue | Cavalry Archer |
| 17:36 | Research | Bow Saw |
| 17:36 | Research | Bow Saw |
| 17:39 | Queue | Villager (Male) |
| 17:57 | Queue | Villager (Male) |
| 18:00 | Queue | Cavalry Archer |
| 18:36 | Queue | Villager (Male) |
| 18:48 | Queue | Cavalry Archer |
| 18:49 | Research | Bodkin Arrow |
| 18:49 | Research | Bodkin Arrow |
| 18:57 | Queue | Cavalry Archer |
| 19:00 | Queue | Villager (Male) |
| 19:00 | Queue | Villager (Male) |
| 19:09 | Queue | Villager (Male) |
| 19:10 | Queue | Villager (Male) |
| 19:18 | Build | Town Center |
| 19:25 | Queue | Cavalry Archer |
| 19:28 | Queue | Villager (Male) |
| 19:34 | Build | House |
| 19:34 | Build | House |
| 19:42 | Research | Padded Archer Armor |
| 19:43 | Research | Padded Archer Armor |
| 19:53 | Queue | Villager (Male) |
| 20:15 | Research | Elite Skirmisher (upgrade) |
| 20:16 | Research | Elite Skirmisher (upgrade) |
| 20:22 | Queue | Villager (Male) |
| 20:38 | Queue | Villager (Male) |
| 20:39 | Queue | Skirmisher |
| 20:59 | Queue | Villager (Male) |
| 21:00 | Build | University |
| 21:02 | Queue | Skirmisher |
| 21:12 | Queue | Villager (Male) |
| 21:13 | Queue | Villager (Male) |
| 21:25 | Research | Leather Archer Armor |
| 21:27 | Queue | Skirmisher |
| 21:36 | Research | Town Watch |
| 21:36 | Research | Town Watch |
| 21:41 | Build | Farm |
| 21:43 | Build | Farm |
| 21:45 | Build | Farm |
| 21:47 | Queue | Villager (Male) |
| 21:47 | Queue | Villager (Male) |
| 21:49 | Queue | Skirmisher |
| 21:49 | Queue | Skirmisher |
| 22:00 | Build | House |
| 22:08 | Queue | Villager (Male) |
| 22:08 | Queue | Villager (Male) |
| 22:16 | Queue | Villager (Male) |
| 22:19 | Build | Monastery |
| 22:32 | Queue | Villager (Male) |
| 22:41 | Queue | Skirmisher |
| 22:41 | Queue | Skirmisher |
| 22:47 | Research | Ballistics |
| 22:47 | Research | Ballistics |
Build order — Mete Başkan
First 150 of 348 actions detected
| 0:01 | Queue | Villager (Male) ×4 |
| 1:29 | Queue | Villager (Male) |
| 1:46 | Build | Lumber Camp |
| 1:54 | Queue | Villager (Male) |
| 1:54 | Queue | Villager (Male) |
| 2:15 | Queue | Villager (Male) |
| 2:52 | Queue | Villager (Male) |
| 2:52 | Queue | Villager (Male) |
| 3:19 | Queue | Villager (Male) |
| 3:34 | Queue | Villager (Male) |
| 3:46 | Queue | Villager (Male) |
| 4:29 | Queue | Villager (Male) |
| 4:52 | Queue | Villager (Male) |
| 4:52 | Queue | Villager (Male) |
| 4:53 | Queue | Villager (Male) |
| 5:26 | Build | Barracks |
| 5:39 | Queue | Villager (Male) |
| 6:03 | Research | Loom |
| 6:34 | Research | Feudal Age |
| 6:45 | Queue | Militia |
| 6:45 | Queue | Militia |
| 7:08 | Queue | Militia |
| 7:32 | Build | Mining Camp |
| 7:38 | Queue | Militia |
| 8:15 | Queue | Villager (Male) |
| 8:30 | Queue | Militia |
| 8:50 | Age | Feudal Age |
| 9:05 | Queue | Villager (Male) |
| 9:12 | Build | Archery Range |
| 9:29 | Queue | Villager (Male) |
| 9:55 | Queue | Villager (Male) |
| 10:03 | Queue | Archer |
| 10:03 | Queue | Archer |
| 10:09 | Build | Mill |
| 10:22 | Queue | Villager (Male) |
| 10:28 | Queue | Archer |
| 10:42 | Build | Farm |
| 10:44 | Build | Farm |
| 10:45 | Queue | Villager (Male) |
| 11:06 | Build | Farm |
| 11:12 | Queue | Villager (Male) |
| 11:19 | Build | Farm |
| 11:23 | Queue | Archer |
| 11:43 | Queue | Villager (Male) |
| 11:48 | Build | Farm |
| 11:49 | Queue | Archer |
| 12:04 | Queue | Villager (Male) |
| 12:17 | Queue | Archer |
| 12:19 | Build | Farm |
| 12:20 | Queue | Villager (Male) |
| 12:52 | Queue | Villager (Male) |
| 12:55 | Build | Farm |
| 13:07 | Build | Farm |
| 13:09 | Queue | Villager (Male) |
| 13:34 | Queue | Villager (Male) |
| 13:36 | Build | Farm |
| 13:58 | Queue | Villager (Male) |
| 14:17 | Build | Blacksmith |
| 14:20 | Queue | Villager (Male) |
| 14:41 | Research | Double-Bit Axe |
| 14:54 | Research | Fletching |
| 15:01 | Queue | Villager (Male) |
| 15:02 | Build | Farm |
| 15:14 | Build | Farm |
| 15:16 | Queue | Villager (Male) |
| 15:26 | Queue | Archer |
| 15:38 | Build | Farm |
| 15:40 | Queue | Villager (Male) |
| 15:58 | Queue | Villager (Male) |
| 15:59 | Queue | Archer |
| 16:26 | Queue | Villager (Male) |
| 16:33 | Queue | Archer |
| 16:34 | Build | Farm |
| 16:35 | Build | Farm |
| 16:54 | Queue | Villager (Male) |
| 16:56 | Build | Lumber Camp |
| 17:02 | Build | Palisade Wall |
| 17:05 | Build | Palisade Wall |
| 17:13 | Queue | Archer |
| 17:24 | Research | Castle Age |
| 17:33 | Build | Palisade Wall |
| 17:46 | Build | Palisade Gate |
| 18:09 | Research | Horse Collar |
| 18:35 | Build | Watch Tower |
| 18:41 | Queue | Archer |
| 18:50 | Build | Lumber Camp |
| 19:03 | Build | Palisade Wall |
| 19:08 | Queue | Archer |
| 19:28 | Queue | Archer |
| 19:30 | Research | Padded Archer Armor |
| 19:37 | Build | Palisade Wall |
| 19:59 | Build | Archery Range |
| 20:06 | Age | Castle Age |
| 20:09 | Research | Bodkin Arrow |
| 20:23 | Research | Crossbowman (upgrade) |
| 20:23 | Research | Crossbowman (upgrade) |
| 20:53 | Queue | Villager (Male) |
| 20:54 | Queue | Villager (Male) |
| 20:57 | Queue | Archer |
| 20:57 | Queue | Archer |
| 21:22 | Queue | Villager (Male) |
| 21:40 | Build | Lumber Camp |
| 21:46 | Queue | Villager (Male) |
| 21:47 | Build | Farm |
| 21:53 | Queue | Archer |
| 21:53 | Queue | Archer |
| 22:09 | Research | Bow Saw |
| 22:11 | Queue | Villager (Male) |
| 22:14 | Build | Town Center |
| 22:26 | Queue | Archer |
| 22:26 | Queue | Archer |
| 22:55 | Queue | Villager (Male) |
| 22:55 | Queue | Villager (Male) |
| 23:21 | Queue | Villager (Male) |
| 23:27 | Queue | Villager (Male) |
| 23:47 | Queue | Villager (Male) |
| 23:48 | Queue | Villager (Male) |
| 23:48 | Queue | Villager (Male) |
| 23:51 | Research | Heavy Plow |
| 23:54 | Queue | Archer |
| 23:58 | Research | Leather Archer Armor |
| 24:01 | Queue | Archer |
| 24:01 | Queue | Archer |
| 24:01 | Queue | Archer |
| 24:03 | Queue | Villager (Male) |
| 24:42 | Queue | Villager (Male) |
| 24:42 | Queue | Villager (Male) |
| 24:45 | Build | University |
| 24:52 | Queue | Villager (Male) |
| 24:52 | Queue | Villager (Male) |
| 25:04 | Queue | Archer |
| 25:04 | Queue | Archer |
| 25:10 | Build | Outpost |
| 25:14 | Queue | Villager (Male) |
| 25:24 | Build | Farm |
| 25:26 | Queue | Villager (Male) |
| 25:39 | Queue | Villager (Male) |
| 25:47 | Build | Palisade Wall |
| 25:52 | Queue | Villager (Male) |
| 25:53 | Queue | Villager (Male) |
| 25:59 | Build | Town Center |
| 26:02 | Queue | Villager (Male) |
| 26:14 | Queue | Archer |
| 26:14 | Queue | Archer |
| 26:14 | Queue | Archer |
| 26:26 | Build | Farm |
| 26:27 | Build | Farm |
| 26:28 | Build | Farm |
| 26:29 | Build | Farm |
| 26:36 | Queue | Villager (Male) |
Match timeline
| 4:04 | Thomas2311 · first_building Barracks |
| 5:26 | Mete Başkan · first_building Barracks |
| 6:42 | Thomas2311 · wall_segment Palisade Wall x2 |
| 7:16 | Thomas2311 · wall_segment Palisade Wall x2 |
| 7:17 | Thomas2311 · wall_segment Palisade Wall x1 |
| 8:05 | Thomas2311 · wall_segment Palisade Wall x4 |
| 8:50 | Mete Başkan · age_up feudal |
| 9:12 | Mete Başkan · first_building Archery Range |
| 12:22 | Thomas2311 · age_up feudal |
| 12:25 | Thomas2311 · first_building Archery Range |
| 12:49 | Thomas2311 · wall_segment Palisade Wall x1 |
| 15:57 | Thomas2311 · age_up castle |
| 17:02 | Mete Başkan · wall_segment Palisade Wall x1 |
| 17:05 | Mete Başkan · wall_segment Palisade Wall x5 |
| 17:33 | Mete Başkan · wall_segment Palisade Wall x11 |
| 19:03 | Mete Başkan · wall_segment Palisade Wall x4 |
| 19:37 | Mete Başkan · wall_segment Palisade Wall x2 |
| 20:06 | Mete Başkan · age_up castle |
| 22:19 | Thomas2311 · first_building Monastery |
| 25:47 | Mete Başkan · wall_segment Palisade Wall x12 |
| 26:55 | Mete Başkan · wall_segment Palisade Wall x8 |
| 27:05 | Mete Başkan · wall_segment Palisade Wall x3 |
| 28:19 | Mete Başkan · wall_segment Palisade Wall x2 |
| 28:26 | Thomas2311 · first_building Siege Workshop |
| 28:30 | Mete Başkan · first_building Siege Workshop |
| 28:50 | Thomas2311 · first_building Castle |
| 28:56 | Mete Başkan · wall_segment Palisade Wall x1 |
| 30:49 | Mete Başkan · first_building Castle |
| 32:00 | Thomas2311 · first_building Stable |
| 32:57 | Mete Başkan · first_market_buy 100 stone |
| 32:59 | Mete Başkan · first_market_sell 100 stone |
| 34:25 | Mete Başkan · first_building Stable |
| 35:28 | Thomas2311 · age_up imperial |
| 37:11 | Mete Başkan · age_up imperial |
| 40:37 | Thomas2311 · first_market_sell 500 wood |
[ AI ANALYSIS · 1 CREDIT ]
What really happened in this match?
Wolo.gg analyzes every decision: build order, eco, micro, common mistakes by bracket. Personalized analysis on WhatsApp or Discord in 30 seconds.
Civ guide
Persians
Perfil
Jugador #6845183